 Dungeon Sprint DCSS version 0.31-a0-95-g6fa058ef04 (webtiles) character file.

Game seed: 2721781380743951658

14693 sircluck the Ninja (level 12, -8/121 (126) HPs)
             Began as a Kobold Brigand on May 25, 2023.
             Was the Champion of Dithmenos.
             Mangled by a profane servitor
             ... wielding a +2 whip of freezing
              (12 damage)
             ... in the Dungeon (Sprint VII: "The Pits").
             The game lasted 00:11:49 (2136 turns).

sircluck the Ninja (Kobold Brigand)                 Turns: 2136, Time: 00:11:50

HP:   -8/121 (126)  AC: 18    Str:  8    XL:     12   Next: 48%
MP:   12/12         EV: 30    Int: 14    God:    Dithmenos [******]
Gold: 52            SH:  0    Dex: 20    Spells: 11/11 levels left

rFire   . . .        w - +2 rapier (protect)
rCold   . . .        (no shield)
rNeg    + . .        b - +0 robe
rPois   .            v - +1 helmet
rElec   +            c - +1 cloak
rCorr   .            C - +1 pair of gloves of Gozag's Wrath {rElec rN+}
SInv    .            (no boots)
Will    .....        (no amulet) Stlth
                     n - +3 ring of evasion
HPRegen 0.40/turn    s - +3 ring of protection
MPRegen 0.13/turn

%: no teleportation
@: berserking, under a protective aura, wreathed by umbra, lightly drained, very
quick
A: small, no large weapons, nightstalker 3
a: Renounce Religion, Shadow Step, Shadow Form


You were in the Dungeon.
You worshipped Dithmenos.
Dithmenos was exalted by your worship.
You visited 1 branch You collected 52 gold pieces.

Inventory:

Hand Weapons
 a - a +2 heavy dagger
 r - a +1 dagger of electrocution
 w - a +2 rapier of protection (weapon)
Missiles
 d - 9 poisoned darts (quivered)
 e - 3 curare-tipped darts
 o - 29 stones
Armour
 b - a +0 robe (worn)
 c - a +1 cloak (worn)
 u - a +0 pair of gloves
 v - a +1 helmet (worn)
 C - the +1 pair of gloves of Gozag's Wrath (worn) {rElec rN+}
   (You found it in the Dungeon)

   rElec:     It insulates you from electricity.
   rN:        It protects you from negative energy.
Jewellery
 l - a ring of positive energy
 n - a +3 ring of evasion (left hand)
 s - a +3 ring of protection (right hand)
 x - a ring of ice
 A - a ring of ice
Wands
 j - a wand of flame (15)
 y - a wand of charming (3)
Scrolls
 m - 5 scrolls of amnesia
 p - 2 scrolls of vulnerability
 z - 4 scrolls of fog
 D - 2 scrolls of enchant armour
 G - a scroll of identify
Potions
 f - 7 potions of curing
 g - 5 potions of heal wounds
 i - 4 potions of magic
 k - 4 potions of mutation
 q - 2 potions of brilliance
 t - a potion of might
 B - a potion of enlightenment
 F - a potion of resistance
 I - 2 potions of berserk rage
 J - a potion of lignification {unknown}


   Skills:
 + Level 13.9 Fighting
 + Level 17.3 Short Blades
 + Level 7.7 Throwing
 + Level 15.3 Dodging
 O Level 27 Stealth
 + Level 0.8 Evocations


You had 11 spell levels left.
You didn't know any spells.
Your spell library contained the following spells:

 Spells                   Type           Power      Damage    Failure   Level
 Apportation              Tloc           0%         N/A       28%         1
 Alistair's Intoxication  Tmut/Pois      0%         N/A       100%        5


Dungeon Overview and Level Annotations

Branches:
Dungeon (1/1)

Altars:
Ashenzari
Cheibriados
Dithmenos
Elyvilon
Fedhas
Gozag
Hepliaklqana
Kikubaaqudgha
Makhleb
Nemelex Xobeh
Okawaru
Qazlal
Ru
Sif Muna
Trog
Uskayaw
Vehumet
Wu Jian
Xom
Yredelemnul
Zin
The Shining One
Jiyva
Lugonu

Annotations:
D Azrael


Innate Abilities, Weirdness & Mutations

You are small and have problems with some larger weapons.
You are completely attuned to the shadows.


Message History

You closely miss the profane servitor.
The profane servitor is moderately damaged.
Your shadow hits the profane servitor with a rapier.
Unknown command.
You puncture the profane servitor!
The profane servitor is heavily damaged.
A deep elf pyromancer comes into view.
It is wielding a +2 great sword of flaming.
The profane servitor misses you.
The profane servitor hits you with a +2 whip of freezing.
* * * LOW HITPOINT WARNING * * *
The profane servitor freezes you.
* * * LOW HITPOINT WARNING * * *
You miss the profane servitor.
The profane servitor is heavily damaged.
Your shadow misses the profane servitor.
The deep elf pyromancer shouts!
Unknown command.
You puncture the profane servitor!
The profane servitor is heavily damaged.
The profane servitor closely misses you. x2
Unknown command.
You completely miss the profane servitor.
The profane servitor is heavily damaged.
Unknown command.
You impale the profane servitor!!
The profane servitor is heavily damaged.
The profane servitor hits you with a +2 whip of freezing.
* * * LOW HITPOINT WARNING * * *
The profane servitor draws strength from your injuries!
The profane servitor freezes you.
* * * LOW HITPOINT WARNING * * *
The profane servitor hits you but does no damage.
You miss the profane servitor.
The profane servitor is heavily damaged.
Unknown command.
You puncture the profane servitor!
The profane servitor is severely damaged.
Your shadow completely misses the profane servitor.
The profane servitor hits you with a +2 whip of freezing!
You die...

#...................
#..################. #..#
#R#.#.#§#§ #..# #/#†#.#A§ #..#
#Y#)#§#§ #..# #§#4#)##. #..#
#E#.#)#)#.
#.A################.
#############..@.e..........
..
#_________.##...............
#_________.###########''####
#_______...###########''######
##########'##................#
#....')))'.##......#..#......#
##########.##................+
#[).........'................+
#'#####'#####......#..#......#


You could see a profane servitor and a deep elf pyromancer.

Vanquished Creatures
  A nagaraja (D)
  A merfolk impaler (D)
  A death yak (D)
  A boulder beetle (D)
  A sun demon (D)
  A spriggan druid (D)
  2 sea snakes (D)
  A flayed ghost (D)
  A lindwurm (D)
  A deep elf pyromancer (D)
  A cyclops (shapeshifter) (D)
  An ugly thing (D)
  A cyclops (D)
  Joseph (D)
  An eye of devastation (D)
  An elephant (D)
  A merfolk siren (D)
  An unseen horror (D)
  An orange demon (D)
  A gargoyle (D)
  A rime drake (D)
  A yaktaur (D)
  An ice devil (D)
  2 merfolk (D)
  A hellwing (D)
  2 tyrant leeches (D)
  2 hornets (D)
  A snapping turtle (D)
  A culicivora (shapeshifter) (D)
  A flying skull (D)
  A vampire (D)
  A ynoxinul (D)
  2 wyverns (D)
  A fire elemental (D)
  A wraith (D)
  Grum (D)
  A chaos spawn (D)
  A redback (D)
  3 vampire mosquitoes (D)
  An acid dragon (D)
  3 water moccasins (D)
  A hell hound (D)
  An orc warrior (D)
  2 wolves (D)
  A bullfrog (D)
  A necrophage (D)
  4 killer bees (D)
  2 crimson imps (D)
  2 orc priests (D)
  Crazy Yiuf (D)
  An iguana (D)
  4 orc wizards (D)
  A mummy (D)
  An adder (D)
  A river rat (D)
  A white imp (D)
  A worm (D)
  An orc (D)
  3 endoplasms (D)
  A goblin (D)
  2 hobgoblins (D)
  3 kobolds (D)
  2 quokkas (D)
  A ball python zombie (D)
  A bat (D)
  3 rats (D)
92 creatures vanquished.

Vanquished Creatures (others)
  Nessos (D)
  A wyvern (D)
2 creatures vanquished.

Grand Total: 94 creatures vanquished

Notes
Turn   | Place    | Note
-------+----------+-------------------------------------------
     0 | D        | sircluck the Kobold Brigand began the quest for the Orb.
     0 | D        | Reached XP level 1. HP: 12/12 MP: 1/1
    15 | D        | Reached skill level 7 in Stealth
    15 | D        | Reached XP level 2. HP: 18/18 MP: 2/2
    42 | D        | Found a bloodstained altar of Trog.
    42 | D        | Found a shimmering blue altar of Sif Muna.
    42 | D        | Found a viscous altar of Jiyva.
    42 | D        | Found a hazy altar of Hepliaklqana.
    42 | D        | Found an opulent altar of Gozag.
    43 | D        | Found a glowing golden altar of the Shining One.
    43 | D        | Found a glowing silver altar of Zin.
    43 | D        | Found a sacrificial altar of Ru.
    43 | D        | Found a stormy altar of Qazlal.
    43 | D        | Found a blossoming altar of Fedhas.
    45 | D        | Found a basalt altar of Yredelemnul.
    45 | D        | Found an iron altar of Okawaru.
    45 | D        | Found a white marble altar of Elyvilon.
    46 | D        | Found a shimmering altar of Xom.
    46 | D        | Found a sparkling altar of Nemelex Xobeh.
    46 | D        | Found a shadowy altar of Dithmenos.
    47 | D        | Found an ornate altar of the Wu Jian Council.
    47 | D        | Found a burning altar of Makhleb.
    47 | D        | Found a snail-covered altar of Cheibriados.
    48 | D        | Found a radiant altar of Vehumet.
    48 | D        | Found a corrupted altar of Lugonu.
    49 | D        | Found a hide-covered altar of Uskayaw.
    49 | D        | Found an ancient bone altar of Kikubaaqudgha.
    49 | D        | Found a broken altar of Ashenzari.
    55 | D        | Became a worshipper of Dithmenos the Shadowed
    85 | D        | Reached * piety under Dithmenos
    86 | D        | Reached skill level 8 in Stealth
   100 | D        | Reached ** piety under Dithmenos
   106 | D        | Reached XP level 3. HP: 15/22 MP: 3/3
   185 | D        | Noticed an orc warrior
   186 | D        | Reached *** piety under Dithmenos
   187 | D        | Reached skill level 10 in Stealth
   187 | D        | Reached XP level 4. HP: 28/28 MP: 4/4
   192 | D        | Noticed a water moccasin
   192 | D        | Noticed a necrophage
   212 | D        | Killed an orc warrior
   213 | D        | Reached skill level 5 in Short Blades
   213 | D        | Reached skill level 12 in Stealth
   213 | D        | Reached XP level 5. HP: 20/33 MP: 5/5
   228 | D        | Reached **** piety under Dithmenos
   229 | D        | Reached skill level 13 in Stealth
   274 | D        | Reached skill level 14 in Stealth
   274 | D        | Reached XP level 6. HP: 26/38 MP: 6/6
   397 | D        | Killed a water moccasin
   398 | D        | Reached skill level 15 in Stealth
   437 | D        | Reached skill level 5 in Fighting
   437 | D        | Reached XP level 7. HP: 27/44 MP: 7/7
   506 | D        | Reached skill level 5 in Throwing
   528 | D        | Noticed a water moccasin
   530 | D        | Killed a water moccasin
   530 | D        | Reached ***** piety under Dithmenos
   531 | D        | Reached skill level 16 in Stealth
   546 | D        | Noticed a gargoyle
   555 | D        | Killed a gargoyle
   556 | D        | Reached skill level 17 in Stealth
   556 | D        | Reached XP level 8. HP: 51/51 MP: 8/8
   608 | D        | Noticed Crazy Yiuf
   610 | D        | Killed Crazy Yiuf
   621 | D        | Noticed a hellwing
   622 | D        | Noticed a flying skull
   622 | D        | Noticed a tyrant leech
   625 | D        | Killed a hellwing
   626 | D        | Reached skill level 18 in Stealth
   627 | D        | Killed a tyrant leech
   628 | D        | Reached skill level 10 in Short Blades
   628 | D        | Reached skill level 19 in Stealth
   630 | D        | Killed a flying skull
   630 | D        | Reached ****** piety under Dithmenos
   631 | D        | Reached XP level 9. HP: 57/57 MP: 9/9
   765 | D        | Noticed a yaktaur
   768 | D        | Killed a yaktaur
   769 | D        | Reached skill level 20 in Stealth
   783 | D        | Noticed a rime drake
   803 | D        | Killed a rime drake
   804 | D        | Reached skill level 21 in Stealth
   938 | D        | Noticed an orange demon
   943 | D        | Killed an orange demon
   945 | D        | Reached skill level 22 in Stealth
   945 | D        | Reached XP level 10. HP: 65/65 MP: 10/10
   975 | D        | Noticed a merfolk siren
   978 | D        | Killed a merfolk siren
   998 | D        | Reached skill level 23 in Stealth
  1015 | D        | Noticed a lindwurm
  1015 | D        | Noticed a cyclops
  1019 | D        | Killed a cyclops
  1020 | D        | Reached skill level 24 in Stealth
  1021 | D        | Killed a lindwurm
  1030 | D        | Reached skill level 10 in Dodging
  1040 | D        | Noticed Grum
  1043 | D        | Noticed a spriggan druid
  1044 | D        | Noticed a boulder beetle
  1045 | D        | Killed Grum
  1046 | D        | Reached skill level 25 in Stealth
  1048 | D        | Killed a spriggan druid
  1049 | D        | Reached XP level 11. HP: 71/71 MP: 11/11
  1055 | D        | Killed a boulder beetle
  1056 | D        | Reached skill level 26 in Stealth
  1159 | D        | Noticed an elephant
  1159 | D        | Noticed a death yak
  1163 | D        | Noticed a flayed ghost
  1165 | D        | Killed an elephant
  1166 | D        | Noticed Joseph
  1166 | D        | Noticed a purple ugly thing
  1168 | D        | Killed a flayed ghost
  1169 | D        | Reached skill level 27 in Stealth
  1169 | D        | Killed Joseph
  1170 | D        | Reached skill level 10 in Fighting
  1201 | D        | Killed a purple ugly thing
  1215 | D        | Killed a death yak
  1216 | D        | Reached skill level 15 in Short Blades
  1236 | D        | Paralysed by a hornet for 2 turns
  1379 | D        | Got the +1 pair of gloves of Gozag's Wrath {rElec rN+}
  1555 | D        | Noticed a nagaraja
  1555 | D        | Noticed a deep elf pyromancer
  1557 | D        | Killed a nagaraja
  1560 | D        | Noticed a sea snake
  1560 | D        | Noticed a merfolk impaler
  1561 | D        | Killed a deep elf pyromancer
  1562 | D        | Reached XP level 12. HP: 81/81 MP: 12/12
  1562 | D        | Killed a merfolk impaler
  1564 | D        | Noticed a sun demon
  1584 | D        | Killed a sea snake
  1755 | D        | Paralysed by a floating eye for 2 turns
  1794 | D        | Noticed Nessos
  1814 | D        | Noticed a sea snake
  1817 | D        | Your ally Nessos died
  1835 | D        | Killed a sea snake
  1836 | D        | Reached skill level 15 in Dodging
  1843 | D        | Killed a sun demon
  1846 | D        | Noticed an angel
  1850 | D        | Noticed Azrael
  1885 | D        | Noticed a profane servitor
  2130 | D        | HP: 6/121 [profane servitor/+2 whip of freezing (2)]
  2136 | D        | Mangled by a profane servitor

Illustrated notes

Levels and vault maps discovered:
D:        pitsprint [storerooms_1, entrance_room_1, metal_vault_2, armoury_2,
          mini_pit_1, grid_room_1, main_hall_1, silver_pit, the_coven_1,
          the_vestibule_1, steel_vault_4, golden_pit, hallway_of_sentries,
          crystal_vault_2, iron_vault_1, final_vault]

Skill      XL: |  1  2  3  4  5  6  7  8  9 10 11 12 |
---------------+-------------------------------------+-----
Short Blades   | 3 4 5 6 7 9 10 11 13 16 17 | 17.3
Stealth        | 7 8 10 12 14 15 17 19 22 25 27 | 27.0
Fighting       | 3 4 5 6 7 8 9 12 13 | 13.9
Throwing       | 3 4 5 6 7 |  7.7
Dodging        | 2 4 6 7 9 10 13 15 | 15.3
Evocations     | |  0.8

Action                     |  1- 3 |  4- 6 |  7- 9 | 10-12 || total
---------------------------+-------+-------+-------+-------++-------
  Melee: Dagger            |    22 |    54 |    14 |       ||    90
         Punch             |       |     1 |       |     4 ||     5
         Rapier            |       |       |    29 |   248 ||   277
  Throw: Dart              |     4 |     6 |       |     2 ||    12
  Evoke: Wand              |       |       |       |     2 ||     2
    Use: Potion            |       |     3 |     4 |    11 ||    18
         Scroll            |       |     2 |       |     7 ||     9
   Stab: Sleeping          |     6 |       |    14 |    29 ||    49
         Distracted        |       |     1 |     1 |     2 ||     4
         Invisible         |       |       |     1 |       ||     1
 Armour: Robe              |     1 |     6 |     9 |    36 ||    52
  Dodge: Dodged            |    13 |    37 |    25 |   148 ||   223

Table legend: (Time is in decaauts)
 A = Elapsed time spent in this place.
 B = Non-inter-level travel time spent in this place.
 C = Inter-level travel time spent in this place.
 D = Time resting spent in this place.
 E = Time spent auto-exploring this place.
 F = Levels seen in this place.
 G = Mean time per level.
                   A        B        C        D        E       F      G
               +--------+--------+--------+--------+--------+-----+--------+
         Total |   1986 |   1823 |    163 |    723 |    111 |   1 | 1986.0 |
       Dungeon |   1986 |   1823 |    163 |    723 |    111 |   1 | 1986.0 |
               +--------+--------+--------+--------+--------+-----+--------+

Top non-repeatable levels by time:
       D: 1986 daAuts
